AoeStats
← andrewt12357

Arabia

510409717Analyzed
1v1 RM · 18h ago on Sep 30, 2026· 26m 31s· 2 players
Game mode
Random Map
Map size
Tiny (2 player)
Population
200
Speed
Normal
Resources
Standard
Victory
Conquest
Starting age
Dark Age
Ending age
Imperial Age
RankedLock teamsTeams togetherTeam positionsShared explorationLock speedFull tech treeHidden civsTurbo modeCheats
Victory
Defeat
🇨🇿 Saxons · Czechia
978
+15
🇨🇴 Britons · Colombia
964
-15
andrewt12357
0:27 Loom
9:39 Feudal Age
11:33 Horse Collar
22:12 Castle Age
21:35 Fletching
23:42 Wheelbarrow
23:15 Double-Bit Axe
23:36 Heavy Plow
22:59 Crossbowman
Abraham
6:04 Loom
9:40 Feudal Age
16:10 Arson
17:37 Double-Bit Axe
21:04 Castle Age
19:16 Arson
20:56 Scale Mail Armor
20:50 Fletching
20:52 Double-Bit Axe
21:01 Horse Collar
24:17 Elite Skirmisher
Connection lost

Rejoining the realm…

Still unreachable

The connection could not be restored.

Session expired

The server has moved on; the page needs a fresh start.